[Event "1st Festival Galdar 2024"]
[Site "Galdar"]
[Date "2024.09.03"]
[Round "3.13"]
[White "Mouhamad, Joachim"]
[Black "Balaji, Aaravamudhan"]
[Result "1-0"]
[Annotator "TA"]
[ECO "B08"]
[WhiteElo "2260"]
[BlackElo "2396"]
[PlyCount "133"]
[EventDate "2024.09.02"]
[EventType "swiss"]
[EventCountry "ESP"]
[SourceTitle "playchess.com"]
[Source "ChessBase"]
[SourceQuality "1"]
[TimeControl "5400+30"]

1. e4 d6 2. d4 Nf6 3. Nc3 g6 4. Nf3 Bg7 5. Be2 O-O 6. O-O a6 7. a4 Nc6 8. a5 e5 9. Re1 (9. d5 {was preferrable.} Na7 10. Re1) 9... Re8 10. d5 Nd4 11. Be3 (11. Nxd4 exd4 12. Qxd4 Nxe4 $15) 11... c5 ({Black should play} 11... Nxe2+ $11 12. Qxe2 h6) 12. dxc6 Nxe2+ 13. Rxe2 bxc6 14. Rd2 $1 d5 15. exd5 e4 (15... cxd5 $14 16. Nxd5 Nxd5) 16. dxc6 $18 Qc7 17. Bb6 (17. Nd4 $18) 17... Qxc6 $16 18. Nd4 Qb7 19. Nb3 Bh6 20. Rd8 Bf5 21. Rxe8+ Rxe8 22. Qd6 Ng4 $2 (22... Nd7 $16) 23. h3 $18 Ne5 24. Nd5 Bg7 25. Nc5 Qc6 26. Qxc6 Nxc6 27. Nxa6 Bxb2 28. Ra2 Be5 29. Nac7 Rb8 30. c4 Be6 31. Nxe6 fxe6 32. Ne3 Kf7 33. c5 Ke7 34. a6 Kd7 35. Nc4 Bd4 36. g4 (36. Rd2 $142 Ra8 37. Ne5+ Nxe5 38. Rxd4+ Ke7 39. Rxe4) 36... Ra8 $18 37. a7 e5 38. Kg2 (38. Re2 $18) 38... Ke6 $2 (38... Nb4 $16 39. Ra3 Kc6 40. Na5+ Kb5) 39. Nd6 $18 Nb4 40. Ra4 Nd5 41. Nxe4 Kd7 42. Ra6 Nxb6 $2 (42... Kc6 43. Bd8+ Kb5) 43. cxb6 $18 Kc6 44. g5 $2 (44. Nd6 $18 {is the precise move to win. White wants to mate with b7+.} Bxb6 45. Nc8 (45. Nc4 Rxa7 46. Rxb6+ Kc5 $16) 45... Rxc8 46. a8=Q+ (46. a8=R Rc7 $18) 46... Rxa8 47. Rxa8) 44... Bxb6 $16 45. Nf6 ({White should try} 45. Nd6 $1 $16 {[%cal Rd6c8] Threatens to win with Nc8!} Kc5 (45... Rxa7 $2 46. Rxb6+ Kd5 47. Rb7 $18) 46. Nc8) 45... Rxa7 $14 46. Rxa7 Bxa7 47. Nxh7 Kd5 48. f3 (48. Nf8 $14 Ke4 49. Nxg6) 48... Ke6 $11 49. Nf6 Be3 50. h4 Bd2 51. Ne4 (51. Kh3 $5) 51... Be1 52. Ng3 Kf7 $2 (52... Ba5 $11) 53. Kh3 $18 Ke6 {[%emt 0:00:17] [#]} (53... Bc3 $142 54. Kg4 Bb4) 54. Kg4 $1 $18 Kf7 55. Ne4 Bb4 56. h5 gxh5+ 57. Kxh5 Kg7 58. Ng3 Bd2 59. Nf5+ Kf7 60. Kh6 Bf4 61. Nd6+ Ke6 {[%emt 0:00:37] [#]} 62. Ne4 $1 Bc1 63. Kh7 Ba3 64. g6 Bf8 65. g7 Bxg7 66. Kxg7 Kf5 67. Nd2 1-0

[Event "1st Festival Galdar 2024"]
[Site "Galdar"]
[Date "2024.09.03"]
[Round "3.14"]
[White "Suarez Uriel, Adrian"]
[Black "Marrero Rodriguez, Jorge"]
[Result "1-0"]
[Annotator "TA"]
[ECO "C60"]
[WhiteElo "2383"]
[BlackElo "2169"]
[PlyCount "51"]
[EventDate "2024.09.02"]
[EventType "swiss"]
[EventCountry "ESP"]
[SourceTitle "playchess.com"]
[Source "ChessBase"]
[SourceQuality "1"]
[TimeControl "5400+30"]

1. e4 e5 2. Nf3 Nc6 3. Bb5 Nge7 4. O-O Ng6 5. c3 d5 6. exd5 (6. Qa4 $16) 6... Qxd5 $11 7. c4 Qd6 8. d4 {[%emt 0:00:09][%cal Bd2d4,Bd4d5][%mdl 32] The position is equal.} Bg4 {[%emt 0:03:46] Threatens to win with ...0-0-0.} 9. d5 O-O-O $1 10. Bxc6 ({Better is} 10. Qa4 $14 Bxf3 11. dxc6) 10... bxc6 11. h3 Bxf3 12. Qxf3 {[%emt 0:04:37] Nc3 would now be deadly.} cxd5 13. Nc3 (13. Qxf7 $11 {keeps the balance.} d4 14. Qf5+ Rd7 15. Qe4) 13... d4 $1 $17 14. Nb5 {[%emt 0:08:29] [#]} Qb6 15. Qxf7 a6 16. a4 {[%emt 0:05:42] [#]} axb5 $2 (16... Be7 $1 $19 17. Qf5+ Kb8) 17. axb5 $16 {[%emt 0:00:02] And now Ra8+ would win.} Bb4 $2 {[%emt 0:05:40][%mdl 8192] Loses the game.} (17... Qb7 $16) 18. Ra8+ $18 Kb7 19. Qf3+ c6 20. Ra6 Qc5 21. Rxc6 e4 22. Qxe4 Qe5 {[%emt 0:00:13] [#]} 23. Rb6+ $3 {[%emt 0:01:41][%mdl 512] White mates.} Kxb6 24. Qc6+ Ka7 {[%emt 0:00:08] [#]} 25. Bf4 $1 Qe1 (25... Ba3 26. Bxe5) 26. Qa6# {[%emt 0:00:37] Weighted Error Value: White=0.29 (precise) /Black=0.65.  Loses game:     	---       	Black=1      Missed win:     	---       	Black=1      Mistake:       	White=3     	---        OK:         	White=3     	Black=3      Best:        	White=3     	Black=2      Strong:       	---       	Black=2} 1-0

[Event "1st Festival Galdar 2024"]
[Site "Galdar"]
[Date "2024.09.03"]
[Round "3.15"]
[White "Arizmendi Martinez, Julen Luis"]
[Black "Sosa Suarez, Carla Cristina"]
[Result "1-0"]
[Annotator "TA"]
[ECO "D53"]
[WhiteElo "2517"]
[BlackElo "2016"]
[PlyCount "61"]
[EventDate "2024.09.02"]
[EventType "swiss"]
[EventCountry "ESP"]
[SourceTitle "playchess.com"]
[Source "ChessBase"]
[SourceQuality "1"]
[TimeControl "5400+30"]

1. d4 Nf6 2. c4 e6 3. Nf3 d5 4. Nc3 Be7 5. Bg5 h6 6. Bxf6 Bxf6 7. Qd2 c6 8. e4 dxc4 9. e5 Be7 {[%emt 0:00:28] White is slightly better.} 10. Bxc4 b5 11. Bd3 b4 12. Ne4 Ba6 13. O-O Bxd3 14. Qxd3 Qd5 15. a3 bxa3 16. bxa3 Nd7 17. Rfc1 (17. Nc3 $5 Qa5 $8 18. Ne4 $11) 17... O-O 18. Rc4 (18. Nc3 $5 Qa5 $8 19. Rc2 $15) 18... Nb6 19. Rc2 Rfd8 20. Rac1 Rac8 21. Nc5 Bg5 (21... Nd7 $11 {keeps the balance.} 22. Nxd7 (22. Nb7 Rf8 $15) 22... Rxd7) 22. Rb1 (22. Nxg5 $16 hxg5 23. Rd1) 22... Be7 $11 {[%emt 0:00:44] [#] And now ...Bxc5 would win.} 23. Qa6 Rc7 24. Qe2 g5 (24... Nd7 $11) 25. h3 {[%emt 0:00:29] White is more active.} h5 $2 {[%emt 0:02:07][%mdl 8192] Loses the game.} ({Black should try} 25... Rdc8 $14) 26. Ne4 $18 {[%emt 0:01:02] Excellent horsemanship.} g4 27. hxg4 {[%emt 0:00:26] White is clearly winning.} hxg4 (27... Rdc8 $142 28. gxh5 Qd8) 28. Nfg5 Bxg5 29. Qxg4 ({Not} 29. Nxg5 Qxd4 30. Ne4 Qxe5 $11) 29... Kf8 30. Qxg5 {[%emt 0:01:23] [#] Threatening mate with Rc3.} f5 31. Nf6 {[%emt 0:01:26] Weighted Error Value: White=0.12 (very precise) /Black=0.54.  Loses game:     	---       	Black=1      Mistake:       	White=1     	Black=3      Inaccurate:     	White=2     	Black=2      OK:         	White=9     	Black=11     Best:        	White=1     	---} 1-0

[Event "1st Festival Galdar 2024"]
[Site "Galdar"]
[Date "2024.09.03"]
[Round "3.16"]
[White "Rodriguez Melian, Jose Luis"]
[Black "Kurajica, Bojan"]
[Result "0-1"]
[Annotator "RC"]
[ECO "E16"]
[WhiteElo "2026"]
[BlackElo "2409"]
[PlyCount "54"]
[EventDate "2024.09.02"]
[EventType "swiss"]
[EventCountry "ESP"]
[SourceTitle "playchess.com"]
[Source "ChessBase"]
[SourceQuality "1"]
[TimeControl "5400+30"]

1. d4 Nf6 2. c4 b6 3. Nf3 Bb7 4. g3 e6 5. Bg2 Bb4+ 6. Bd2 Be7 7. O-O c5 8. dxc5 bxc5 9. Bc3 O-O 10. Nbd2 d5 11. e3 Qb6 12. cxd5 exd5 13. Rc1 Nc6 14. Qc2 Nb4 15. Bxb4 Qxb4 16. Rfd1 a5 17. Nb1 Rac8 18. Nc3 Rfd8 19. Ne5 Qb6 20. Bh3 Rc7 21. Na4 Qa7 22. Nc3 Qb6 23. Na4 Qd6 24. Nc4 Qa6 25. Nd2 d4 26. e4 c4 27. e5 d3 0-1

[Event "1st Festival Galdar 2024"]
[Site "Galdar"]
[Date "2024.09.03"]
[Round "3.17"]
[White "Gil Alba, Hector Luis"]
[Black "Illana Elorduy, Jesus Eusebio"]
[Result "1-0"]
[Annotator "TA"]
[ECO "B03"]
[WhiteElo "2292"]
[BlackElo "1668"]
[PlyCount "77"]
[EventDate "2024.09.02"]
[EventType "swiss"]
[EventCountry "ESP"]
[SourceTitle "playchess.com"]
[Source "ChessBase"]
[SourceQuality "1"]
[TimeControl "5400+30"]

1. e4 Nf6 2. e5 Nd5 3. d4 d6 4. c4 Nb6 5. exd6 exd6 6. Nc3 Be7 7. Be3 O-O 8. Bd3 Nc6 9. Nge2 Bg4 10. f3 Bh5 11. O-O {[%emt 0:00:39] White is slightly better.} Bf6 12. b3 Qe7 (12... Re8 $14 13. Be4 a5) 13. Bf2 Rae8 14. Be4 Bg6 15. Ng3 Qd8 16. Bxc6 bxc6 17. f4 {[%emt 0:00:10][%cal Bf3f4,Bf4f5][%mdl 32] [#] Dodges Bg5. Strongly threatening f5.} h6 $1 18. f5 Bh7 19. Qf3 d5 20. c5 Nd7 21. b4 a6 $1 22. a4 $36 {[%emt 0:02:21][%mdl 2048] White is more active.} Nb8 (22... Bg5 $14) 23. Nh5 (23. b5 $142) 23... Bh4 24. g3 {[%emt 0:01:17] White has more active pieces.} (24. Qg4 $16 Bxf2+ 25. Rxf2) 24... Bg5 $14 25. Rad1 {[%emt 0:01:10] Prevents Bd2} g6 26. Nf4 Bxf4 (26... Qc8 $11) 27. Qxf4 $16 g5 28. Qf3 Qd7 ({Better is} 28... Nd7) 29. g4 f6 30. b5 h5 31. bxc6 (31. gxh5 axb5 32. axb5 Bxf5 $16) 31... Qxc6 (31... Nxc6 $16 32. Qxd5+ Qxd5 33. Nxd5 Re4) 32. gxh5 $18 Kg7 33. Bg3 (33. Nxd5 $2 Bg8 34. h4 (34. h6+ $2 Kh8 $19) 34... Bxd5 $19) 33... Rf7 34. Rde1 (34. Qxd5 Bg8 35. Rfe1 Rd7 36. Qxc6 Rxe1+ 37. Bxe1 Nxc6 $18) 34... Rfe7 $2 {[%emt 0:00:38] [#]} (34... Rxe1 35. Rxe1 Qd7 36. Qxd5 (36. Nxd5 Nc6 $18) 36... Nc6 37. Qxd7 Rxd7) 35. Rxe7+ ({Weaker is} 35. Nxd5 Rxe1 36. Bxe1 Rd8 $14) 35... Rxe7 36. Nxd5 Rd7 37. Nxc7 Qxa4 (37... Rxc7 $142 38. Qxc6 Rxc6 39. Bxb8 Rc8) 38. Ne6+ Kf7 39. Bxb8 {[%emt 0:00:14] Weighted Error Value: White=0.14 (very precise) /Black=0.34.  Mistake:       	White=2     	Black=7      Inaccurate:     	White=1     	Black=3      OK:         	White=14    	Black=7      Best:        	White=1     	Black=3      Strong:       	---       	Black=2} 1-0

[Event "1st Festival Galdar 2024"]
[Site "Galdar"]
[Date "2024.09.03"]
[Round "3.18"]
[White "Lagarejos Gonzalez, Eduardo"]
[Black "Mamani Beltran, Deniman"]
[Result "0-1"]
[Annotator "TA"]
[ECO "C01"]
[WhiteElo "1971"]
[BlackElo "2229"]
[PlyCount "90"]
[EventDate "2024.09.02"]
[EventType "swiss"]
[EventCountry "ESP"]
[SourceTitle "playchess.com"]
[Source "ChessBase"]
[SourceQuality "1"]
[TimeControl "5400+30"]

1. e4 e6 2. d4 d5 3. exd5 exd5 4. h3 Nf6 5. Nf3 Bd6 6. Nc3 O-O 7. Be2 c6 8. Bg5 {[%emt 0:13:55] The position is equal.} Nbd7 9. O-O h6 10. Bh4 Qc7 11. Bd3 b5 12. Bxf6 Nxf6 13. Re1 a6 14. a4 b4 15. Nb1 Bb7 16. Nbd2 Rae8 (16... c5 {is interesting.} 17. dxc5 Qxc5 18. a5 Rae8) 17. Rxe8 Rxe8 18. Qf1 Ra8 19. Re1 c5 20. dxc5 Bxc5 21. Nb3 Bb6 22. Nbd4 Ne4 23. Re2 Bc5 24. Qe1 Qd7 25. Nb3 {[%emt 0:06:00][%cal Rd3e4] A dynamic duo of knights.} Bf8 26. a5 Qd6 27. Nfd4 Qf4 28. Re3 Bd6 29. g3 Qf6 30. Rf3 Qd8 31. h4 Qd7 32. Nf5 Bf8 $1 33. Qe3 Re8 34. Qd4 (34. Qb6 $142 Re6 35. Qd4) 34... g6 $17 35. Ne3 Bg7 {[%emt 0:00:04] Wards off Ng2} 36. Qxb4 Bxb2 $2 (36... d4 $19 {Threatens to win with ...Ng5.} 37. Ng2 Ng5 38. hxg5 Bxf3 39. gxh6 Qh3 (39... Bxh6 $2 40. Nxd4 Bb7 41. Bc4 $19)) 37. Bxe4 $11 Rxe4 (37... dxe4 $5 38. Rf4 $8 Qb5 39. Qxb5 axb5 $19) 38. Qb6 {[%emt 0:01:43] Nc5 would now be deadly.} Re6 39. Qb4 {[%emt 0:00:05] [#]} (39. Qa7 $1 $11 {was the only way to keep the balance.} Re7 40. Nc5) 39... Re4 (39... Ba3 $1 $17 40. Qxa3 d4 41. Nxd4 (41. Nc5 $2 Qd6 $19) 41... Qxd4) 40. Qb6 {[%emt 0:00:05] Black must now prevent Nc5.} Ba3 $36 {[%emt 0:00:14][%mdl 2048] Hoping for ...d4. White is under pressure.} 41. Nc5 $2 (41. Nd4 $11 h5 42. Ng2) 41... Bxc5 $19 42. Qxc5 d4 43. Ng2 Re8 (43... Re7 $142 44. Rb3 Qh3 45. Rxb7 Rxb7) 44. Rb3 Be4 (44... Rc8 $19 {and Black stays clearly on top.} 45. Qa7 Rc7 46. Qb8+ Kh7) 45. Rb4 $2 {[%emt 0:00:54][%mdl 8192] [#]} (45. Kh2 $17) 45... Qh3 {[%emt 0:35:37] Weighted Error Value: White=0.41/Black=0.30.  Loses game:     	White=2     	---        Missed win:     	---       	Black=1      Mistake:       	White=2     	Black=3      Inaccurate:     	White=7     	Black=4      OK:         	White=17    	Black=11     Best:        	White=2     	Black=4      Strong:       	---       	Black=1} 0-1

[Event "1st Festival Galdar 2024"]
[Site "Galdar"]
[Date "2024.09.03"]
[Round "3.19"]
[White "Sarmiento Afonso, Santiago"]
[Black "Sucikova, Svetlana"]
[Result "0-1"]
[Annotator "NA RC"]
[ECO "B10"]
[WhiteElo "1965"]
[BlackElo "2145"]
[PlyCount "68"]
[EventDate "2024.09.02"]
[EventType "swiss"]
[EventCountry "ESP"]
[SourceTitle "playchess.com"]
[Source "ChessBase"]
[SourceQuality "1"]
[TimeControl "5400+30"]

1. e4 c6 2. d3 d5 3. Nd2 g6 4. Be2 Bg7 5. h4 h5 6. c3 Nh6 7. Ngf3 Ng4 8. Qb3 O-O 9. Nf1 Na6 10. Ne3 Nc5 11. Qc2 dxe4 12. dxe4 Qc7 13. Ng5 Ne5 14. f4 f6 15. Nh3 Nf7 16. b4 Bxh3 17. Rxh3 Ne6 18. g3 Qd7 19. Rh2 Nc7 20. Bc4 e6 21. Bd2 b5 22. Bb3 c5 23. bxc5 Na6 24. f5 Nxc5 25. fxe6 Nxe6 26. Bd5 Rac8 27. Rf2 Ne5 28. Qb3 Rfe8 29. Ke2 Kh7 30. Bxe6 Rxe6 31. Nd5 Ng4 32. Rf4 Rc4 33. Kf3 Rexe4 34. Rxe4 Qxd5 0-1

[Event "1st Festival Galdar 2024"]
[Site "Galdar"]
[Date "2024.09.03"]
[Round "3.20"]
[White "Segura Acosta, Rafael"]
[Black "Golbach, Floris"]
[Result "0-1"]
[Annotator "NA RC"]
[ECO "A34"]
[WhiteElo "1554"]
[BlackElo "2032"]
[PlyCount "50"]
[EventDate "2024.09.02"]
[EventType "swiss"]
[EventCountry "ESP"]
[SourceTitle "playchess.com"]
[Source "ChessBase"]
[SourceQuality "1"]
[TimeControl "5400+30"]

1. c4 c5 2. Nc3 Nc6 3. g3 Nf6 4. Bg2 e6 5. e3 d5 6. cxd5 exd5 7. d4 cxd4 8. exd4 Be7 9. Nge2 Bg4 10. f3 Bf5 11. a3 O-O 12. b4 Rc8 13. Bb2 Re8 14. O-O Bd6 15. Re1 Bb8 16. Bc1 h6 17. Bd2 a6 18. Na4 Rxe2 19. Rxe2 Nxd4 20. Bxh6 Nxe2+ 21. Qxe2 gxh6 22. Nc5 Ba7 23. Rc1 b6 24. Qxa6 Qe7 25. g4 Qe3+ 0-1